 Dungeon Crawl Stone Soup version 0.30.0-10-gfe55d96785 (webtiles) character file.

Game seed: 15706622014044192217

7284 qw the Cleaver (level 11, -1/72 HPs)
             Began as a Gargoyle Cinder Acolyte on May 17, 2023.
             Was an Initiate of Okawaru.
             Slain by a fire elemental (12 damage)
             ... created by the fiery vengeance of Ignis
             ... on level 1 of the Lair of Beasts.
             The game lasted 00:04:07 (8262 turns).

qw the Cleaver (Gargoyle Cinder Acolyte)            Turns: 8262, Time: 00:04:08

Health: -1/72      AC: 25    Str: 23    XL:     11   Next: 12%
Magic:  12/12      EV:  8    Int: 14    God:    Okawaru [......]
Gold:   190        SH:  0    Dex:  5    Spells: 12/12 levels left

rFire   . . .        Y - +2 war axe (flame)
rCold   . . .        (no shield)
rNeg    + . .        a - +0 chain mail
rPois   inf          (no helmet)
rElec   +            l - +2 cloak
rCorr   .            h - +2 pair of gloves
SInv    .            (no boots)
Will    .....        (no amulet) Stlth
                     (no ring)
HPRegen 0.32/turn    (no ring)
MPRegen 0.13/turn

%: no passive effects
@: fire susceptible
A: sickness immunity, AC +8, negative energy resistance 1, electricity
resistance, torment resistance 1, petrification resistance
a: Renounce Religion


You were on level 1 of the Lair of Beasts.
You worshipped Okawaru.
Okawaru was noncommittal.
You visited 3 branches of the dungeon, and saw 11 of its levels.

You collected 612 gold pieces.
You spent 422 gold pieces at shops.


Innate Abilities, Weirdness & Mutations

You are immune to sickness and miasma.
Your stone body is resilient. (AC +8)
You are immune to poison.
You resist negative energy. (rN+)
You are resistant to electric shocks. (rElec)
You are resistant to unholy torment.
You are immune to petrification.


   Skills:
 + Level 9.9 Fighting
 - Level 12.0 Axes
 - Level 7.2 Armour
 - Level 1.4 Dodging
 - Level 1.0 Spellcasting
 - Level 3.0 Fire Magic


You had 12 spell levels left.
You didn't know any spells.
Your spell library contained the following spells:

 Spells                   Type           Power      Damage    Failure   Level
 Scorch                   Fire           18%        2d6       52%         2

Inventory:

Hand Weapons
 Y - a +2 war axe of flaming (weapon)
Armour
 a - a +0 chain mail (worn)
 h - a +2 pair of gloves (worn)
 j - the +4 robe of Boredom {rF++ rC+++ Slay-2 Archmagi}
   (You found it on level 6 of the Dungeon)

   Slay:      It affects your accuracy & damage with ranged weapons and melee
   (-2).
   rF:        It greatly protects you from fire.
   rC:        It renders you almost immune to cold.
   Archmagi:  It increases the power of your magical spells.
 l - a +2 cloak (worn)
Jewellery
 g - a ring of willpower
Scrolls
 b - a scroll of enchant armour
 e - 9 scrolls of identify
Potions
 c - 4 potions of curing
 d - 5 potions of might
 f - a potion of cancellation

Dungeon Overview and Level Annotations

Branches:
Dungeon (9/15)             Temple (1/1) D:7            Lair (1/5) D:9
    Orc (0/2) D:9

Altars:
Ashenzari
Cheibriados
Dithmenos
Elyvilon
Fedhas
Gozag
Hepliaklqana
Kikubaaqudgha
Makhleb
Nemelex Xobeh
Okawaru
Qazlal
Ru
Sif Muna
Trog
Uskayaw
Vehumet
Wu Jian
Xom
Yredelemnul
Zin
The Shining One

Shops:
D:3 *   D:7 !

Annotations:
D:8 2 transporters, qw's ghost, novice GrFi


Message History

You hit the fire elemental but do no damage.
You hit the fire elemental.
The fire elemental is lightly damaged.
The fire elemental hits you. The fire elemental burns you!
You closely miss the fire elemental.
The fire elemental is lightly damaged.
You hit the fire elemental. The fire elemental hits you.
The fire elemental burns you!
The fire elemental completely misses you.
You slash the fire elemental!
The fire elemental is heavily damaged.
You barely miss the fire elemental. The fire elemental hits you.
The fire elemental burns you! The fire elemental hits you.
The fire elemental burns you!
8258 ||| DRINKING 2 potions of heal wounds.
You feel much better. The fire elemental hits you.
The fire elemental burns you! The fire elemental closely misses you.
You closely miss the fire elemental.
The fire elemental is heavily damaged.
You hit the fire elemental.
The fire elemental completely misses you.
The fire elemental misses you. The fire elemental hits you.
The fire elemental burns you! The fire elemental hits you.
The fire elemental burns you!
8260 ||| DRINKING potion of heal wounds.
You feel much better. The fire elemental barely misses you.
The fire elemental hits you. The fire elemental burns you!
You hit the fire elemental.
The fire elemental is heavily damaged.
You barely miss the fire elemental. The fire elemental hits you.
The fire elemental burns you! The fire elemental hits you.
The fire elemental burns you!
You miss the fire elemental.
The fire elemental is heavily damaged.
You hit the fire elemental but do no damage.
The fire elemental hits you. The fire elemental burns you!
The fire elemental hits you. The fire elemental burns you!
You die...

##
####P###################
................@EE..$..
.ยค..........####E......
....#.####.## #.###.#
#.....#..# ..# ...
#.<%..#.## ##
....####%##..#
............##
........%...####..#
..................#


You could see 3 fire elementals.

Vanquished Creatures
  2 two-headed ogres
  A deep elf zephyrmancer (D:7)
  2 trolls
  A hornet (D:9)
  A blink frog (Lair:1)
  Sigmund (D:2)
  A shadow (D:9)
  4 yaks (D:9)
  3 fire elementals (Lair:1)
  2 steam dragons (D:7)
  6 water moccasins
  3 sky beasts
  3 orc warriors
  A black bear (D:9)
  2 ogres
  A centaur (D:9)
  Blork the orc (D:5)
  5 bullfrogs
  6 scorpions
  6 killer bees (D:7)
  An electric eel (D:8)
  4 howler monkeys (D:8)
  4 hounds
  5 jellies
  6 orc priests
  Ijyb (D:4)
  8 orc wizards
  3 iguanas
  10 gnolls
  4 adders
  A white imp (D:7)
  An ufetubus (D:5)
  3 worms (D:2)
  3 dart slugs
  37 orcs
  9 ball pythons
  A bat (D:2)
  4 endoplasms
  9 giant cockroaches
  14 goblins
  10 hobgoblins
  5 quokkas
  8 frilled lizards
  4 kobolds
  A rat (D:1)
208 creatures vanquished.

Notes
Turn   | Place    | Note
-------+----------+-------------------------------------------
     0 | D:1      | qw the Gargoyle Cinder Acolyte began the quest for the Orb.
     0 | D:1      | Reached XP level 1. HP: 14/14 MP: 2/2
     0 | D:1      | 0 ||| qw: Version: 0.2-a-95-g4c1bab1
     0 | D:1      | 0 ||| qw: Game counter: 92
     0 | D:1      | 0 ||| qw: Always use a shield: true
     0 | D:1      | 0 ||| qw: God list: Okawaru
     0 | D:1      | 0 ||| qw: Allow faded altars: false
     0 | D:1      | 0 ||| qw: Do Orc after D:15 true
     0 | D:1      | 0 ||| qw: Do second Lair branch before Depths: true
     0 | D:1      | 0 ||| qw: Lair rune preference: random
     0 | D:1      | 0 ||| qw: Plans: Normal
     0 | D:1      | 0 ||| PLANNING D:1-11
    40 | D:1      | 40 ||| Stepping ~*~*~tactically~*~*~ (stealth).
    48 | D:1      | 48 ||| INVOKING Fiery Armour.
    55 | D:1      | Reached skill level 3 in Axes
    60 | D:1      | Reached XP level 2. HP: 10/19 MP: 3/3
   440 | D:1      | Reached XP level 3. HP: 23/23 MP: 4/4
   606 | D:1      | 606 ||| Stepping ~*~*~tactically~*~*~ (stealth).
   738 | D:1      | 738 ||| DROPPING ring of wizardry.
   739 | D:1      | 739 ||| READING scroll labelled LOPNUD PATI.
   740 | D:1      | 740 ||| READING 2 scrolls labelled YMATUX UTRU.
   741 | D:1      | 741 ||| READING scroll labelled COWUHACS CATON.
   742 | D:1      | 742 ||| READING scroll labelled TUTYUPS EWESEM.
   871 | D:2      | 871 ||| Stepping ~*~*~tactically~*~*~ (hiding).
   873 | D:2      | 873 ||| INVOKING Fiery Armour.
   875 | D:2      | Reached skill level 4 in Axes
   880 | D:2      | Reached XP level 4. HP: 18/28 MP: 5/5
   994 | D:2      | 994 ||| INVOKING Fiery Armour.
  1077 | D:2      | Found a shimmering altar of Xom.
  1366 | D:2      | 1366 ||| INVOKING Fiery Armour.
  1393 | D:2      | Reached skill level 5 in Axes
  1426 | D:2      | 1426 ||| SWAPPING to +0 war axe.
  1460 | D:2      | Reached XP level 5. HP: 30/32 MP: 6/6
  1561 | D:2      | Noticed Sigmund
  1569 | D:2      | Killed Sigmund
  1570 | D:2      | Reached XP level 6. HP: 35/40 MP: 7/7
  1742 | D:2      | 1742 ||| READING 4 scrolls labelled LYOCWYJ YROPO.
  1743 | D:2      | 1743 ||| READING scroll labelled VADDEH RULUAS.
  1744 | D:2      | 1744 ||| READING scroll labelled ROFEOD LOMY.
  1745 | D:2      | 1745 ||| DROPPING -1 hand axe of flaming.
  1746 | D:2      | 1746 ||| DRINKING 2 fuming golden potions.
  1747 | D:2      | 1747 ||| DRINKING 5 coppery potions.
  1748 | D:2      | 1748 ||| DRINKING 2 green potions.
  1749 | D:2      | 1749 ||| DROPPING potion of brilliance.
  1750 | D:2      | 1750 ||| DROPPING 3 scrolls of fog.
  1766 | D:3      | 1766 ||| Stepping ~*~*~tactically~*~*~ (stealth).
  1781 | D:3      | 1781 ||| Stepping ~*~*~tactically~*~*~ (hiding).
  1782 | D:3      | 1782 ||| INVOKING Fiery Armour.
  1968 | D:3      | Found Efisoyb's General Store.
  1982 | D:3      | 1982 ||| BUYING scroll of enchant armour (97 gold).
  1982 | D:3      | Bought a scroll of enchant armour for 97 gold pieces
  2061 | D:3      | Found a stormy altar of Qazlal.
  2084 | D:3      | Found a shimmering altar of Xom.
  2085 | D:3      | Found a blossoming altar of Fedhas.
  2096 | D:3      | 2096 ||| READING scroll of enchant weapon.
  2096 | D:3      | 2096 ||| ENCHANTING +1 war axe of flaming.
  2133 | D:3      | Found a faded altar of an unknown god.
  2195 | D:3      | 2195 ||| Stepping ~*~*~tactically~*~*~ (hiding).
  2198 | D:3      | 2198 ||| Stepping ~*~*~tactically~*~*~ (hiding).
  2200 | D:3      | 2200 ||| Stepping ~*~*~tactically~*~*~ (hiding).
  2299 | D:3      | Found a glowing silver altar of Zin.
  2335 | D:3      | 2335 ||| UPGRADING to +1 pair of gloves.
  2340 | D:3      | 2340 ||| UPGRADING to +0 scale mail.
  2350 | D:3      | 2350 ||| DROPPING +0 robe.
  2351 | D:3      | 2351 ||| UPGRADING to +0 cloak.
  2356 | D:3      | 2356 ||| READING 2 scrolls of enchant armour.
  2356 | D:3      | 2356 ||| ENCHANTING +1 pair of gloves.
  2357 | D:3      | 2357 ||| READING scroll of enchant armour.
  2357 | D:3      | 2357 ||| ENCHANTING +0 cloak.
  2358 | D:3      | 2358 ||| DROPPING amulet of magic regeneration.
  2359 | D:3      | 2359 ||| READING scroll labelled PIENTU FAUSU.
  2360 | D:3      | 2360 ||| READING 3 scrolls of identify.
  2360 | D:3      | 2360 ||| IDENTIFYING lumpy dark potion
  2361 | D:3      | 2361 ||| READING 2 scrolls of identify.
  2361 | D:3      | 2361 ||| IDENTIFYING pink potion
  2362 | D:3      | 2362 ||| DROPPING potion of flight.
  2382 | D:4      | 2382 ||| STAIRDANCE
  2386 | D:3      | Reached skill level 1 in Armour
  2554 | D:4      | Found an ancient bone altar of Kikubaaqudgha.
  2690 | D:4      | Reached XP level 7. HP: 42/44 MP: 8/8
  3008 | D:4      | Noticed Ijyb
  3018 | D:4      | Killed Ijyb
  3554 | D:4      | 3554 ||| DROPPING ring of flight.
  3555 | D:4      | 3555 ||| READING 2 scrolls labelled FOUSOX RAUPLIS.
  3586 | D:4      | 3586 ||| READING 2 scrolls labelled OHELUA HAZO.
  3589 | D:4      | 3589 ||| READING scroll labelled DIRGHO YHEMN.
  3590 | D:4      | 3590 ||| READING 3 scrolls of identify.
  3590 | D:4      | 3590 ||| IDENTIFYING bubbling silvery potion
  3591 | D:4      | 3591 ||| READING 2 scrolls of identify.
  3591 | D:4      | 3591 ||| IDENTIFYING metallic purple potion
  3592 | D:4      | 3592 ||| DROPPING scroll of torment.
  3593 | D:4      | 3593 ||| DROPPING potion of ambrosia.
  3594 | D:4      | 3594 ||| DROPPING potion of lignification.
  3615 | D:5      | Entered Level 5 of the Dungeon
  3619 | D:5      | 3619 ||| STAIRDANCE
  3759 | D:5      | 3759 ||| READING scroll of enchant armour.
  3759 | D:5      | 3759 ||| ENCHANTING +1 cloak.
  3907 | D:5      | 3907 ||| Stepping ~*~*~tactically~*~*~ (stealth).
  3909 | D:5      | 3909 ||| Stepping ~*~*~tactically~*~*~ (hiding).
  3910 | D:5      | 3910 ||| Stepping ~*~*~tactically~*~*~ (hiding).
  3917 | D:5      | Reached skill level 6 in Axes
  3920 | D:5      | 3920 ||| Stepping ~*~*~tactically~*~*~ (stealth).
  3929 | D:5      | 3929 ||| Stepping ~*~*~tactically~*~*~ (stealth).
  3935 | D:5      | 3935 ||| Stepping ~*~*~tactically~*~*~ (hiding).
  3965 | D:5      | 3965 ||| Stepping ~*~*~tactically~*~*~ (stealth).
  3979 | D:5      | Found a snail-covered altar of Cheibriados.
  4199 | D:5      | 4199 ||| Stepping ~*~*~tactically~*~*~ (stealth).
  4201 | D:5      | 4201 ||| Stepping ~*~*~tactically~*~*~ (stealth).
  4223 | D:5      | HP: 11/44 [orc priest/divine providence (15)]
  4224 | D:5      | 4224 ||| READING scroll of teleportation.
  4225 | D:5      | 4225 ||| INVOKING Fiery Armour.
  4227 | D:5      | 4227 ||| DRINKING 3 potions of heal wounds.
  4419 | D:5      | Noticed Blork the orc
  4420 | D:5      | 4420 ||| Stepping ~*~*~tactically~*~*~ (hiding).
  4432 | D:5      | 4432 ||| INVOKING Fiery Armour.
  4435 | D:5      | Killed Blork the orc
  4436 | D:5      | Reached skill level 7 in Axes
  4750 | D:5      | 4750 ||| UPGRADING to +0 chain mail.
  4760 | D:5      | 4760 ||| DROPPING +0 scale mail.
  4761 | D:5      | 4761 ||| READING 6 scrolls of identify.
  4761 | D:5      | 4761 ||| IDENTIFYING red potion
  4762 | D:5      | 4762 ||| READING 5 scrolls of identify.
  4762 | D:5      | 4762 ||| IDENTIFYING black potion
  4763 | D:5      | 4763 ||| DROPPING potion of attraction.
  4827 | D:6      | Reached skill level 3 in Armour
  4827 | D:6      | Reached XP level 8. HP: 36/50 MP: 9/9
  4978 | D:6      | Identified the +4 robe of Boredom {rF++ rC+++ Slay-2
                  | Archmagi}
  5089 | D:6      | 5089 ||| Stepping ~*~*~tactically~*~*~ (stealth).
  5202 | D:6      | 5202 ||| Stepping ~*~*~tactically~*~*~ (stealth).
  5207 | D:6      | 5207 ||| INVOKING Fiery Armour.
  5213 | D:6      | Reached skill level 8 in Axes
  5275 | D:6      | 5275 ||| Stepping ~*~*~tactically~*~*~ (stealth).
  5367 | D:6      | Found a sacrificial altar of Ru.
  5389 | D:6      | Reached skill level 6 in Fighting
  5426 | D:6      | You fall into a shaft and drop 2 floors!
  5432 | D:8      | 5432 ||| Stepping ~*~*~tactically~*~*~ (stealth).
  5444 | D:8      | Noticed a troll
  5445 | D:8      | 5445 ||| READING scroll of teleportation.
  5445 | D:8      | HP: 4/51 [acid (9)]
  5446 | D:8      | 5446 ||| DRINKING 3 potions of heal wounds.
  5447 | D:8      | 5447 ||| INVOKING Fiery Armour.
  5538 | D:8      | Killed a troll
  5539 | D:8      | Reached skill level 9 in Axes
  5539 | D:8      | Reached XP level 9. HP: 50/55 MP: 10/10
  5539 | D:8      | Noticed a two-headed ogre
  5540 | D:8      | 5540 ||| Stepping ~*~*~tactically~*~*~ (stealth).
  5562 | D:8      | 5562 ||| Stepping ~*~*~tactically~*~*~ (hiding).
  5563 | D:8      | Noticed an ice statue
  5782 | D:8      | 5782 ||| READING scroll labelled RESIENIDDIP.
  5783 | D:8      | 5783 ||| READING scroll labelled FIESAM ENACS.
  5795 | D:7      | 5795 ||| INVOKING Fiery Armour.
  5983 | D:7      | 5983 ||| STAIRDANCE
  6079 | D:7      | Found a staircase to the Ecumenical Temple.
  6123 | D:7      | Reached skill level 10 in Axes
  6194 | D:7      | Found Erywkin's Distillery.
  6202 | D:7      | 6202 ||| BUYING 2 potions of heal wounds (130 gold).
  6202 | D:7      | Bought 2 potions of heal wounds for 130 gold pieces
  6202 | D:7      | 6202 ||| BUYING potion of heal wounds (65 gold).
  6202 | D:7      | Bought a potion of heal wounds for 65 gold pieces
  6202 | D:7      | 6202 ||| BUYING potion of heal wounds (65 gold).
  6202 | D:7      | Bought a potion of heal wounds for 65 gold pieces
  6202 | D:7      | 6202 ||| BUYING potion of heal wounds (65 gold).
  6202 | D:7      | Bought a potion of heal wounds for 65 gold pieces
  6202 | D:7      | 6202 ||| SHOPLISTING potion of heal wounds (65 gold, have
                  | 17).
  6234 | D:7      | 6234 ||| Stepping ~*~*~tactically~*~*~ (hiding).
  6235 | D:7      | 6235 ||| Stepping ~*~*~tactically~*~*~ (hiding).
  6244 | D:7      | Reached skill level 1 in Dodging
  6245 | D:7      | Noticed a deep elf zephyrmancer
  6248 | D:7      | Killed a deep elf zephyrmancer
  6249 | D:7      | Reached XP level 10. HP: 63/65 MP: 11/11
  6575 | D:7      | 6575 ||| DROPPING +6 ring of intelligence.
  6576 | D:7      | 6576 ||| READING scroll labelled QEENAKHL ALYHARUOBI.
  6577 | D:7      | 6577 ||| READING scroll labelled ILEREJ JUMM.
  6636 | D:8      | 6636 ||| INVOKING Fiery Armour.
  6637 | D:8      | Killed a two-headed ogre
  6715 | D:8      | Noticed qw's ghost (novice GrFi)
  6775 | D:8      | Noticed a manticore
  6867 | D:8      | Found a transporter.
  6890 | D:8      | Found a transporter.
  7114 | D:8      | 7114 ||| READING 10 scrolls of identify.
  7114 | D:8      | 7114 ||| IDENTIFYING white potion
  7115 | D:8      | 7115 ||| DROPPING potion of invisibility.
  7163 | D:9      | 7163 ||| INVOKING Fiery Armour.
  7163 | D:9      | Noticed a two-headed ogre
  7169 | D:9      | Reached skill level 11 in Axes
  7172 | D:9      | Killed a two-headed ogre
  7173 | D:9      | Reached skill level 6 in Armour
  7255 | D:9      | 7255 ||| Stepping ~*~*~tactically~*~*~ (stealth).
  7275 | D:9      | Reached skill level 9 in Fighting
  7359 | D:9      | Found a staircase to the Lair.
  7484 | D:9      | 7484 ||| Stepping randomly (disturbance).
  7485 | D:9      | 7485 ||| Stepping randomly (disturbance).
  7486 | D:9      | 7486 ||| Stepping randomly (disturbance).
  7693 | D:9      | 7693 ||| INVOKING Fiery Armour.
  7707 | D:9      | Reached skill level 12 in Axes
  7709 | D:9      | Found a staircase to the Orcish Mines.
  7711 | D:9      | 7711 ||| PLANNING TEMPLE
  7757 | Temple   | Entered the Ecumenical Temple
  7758 | Temple   | 7758 ||| PLANNING OKAWARU WORSHIP
  7955 | Temple   | Fell from the grace of Ignis
  7955 | Temple   | Became a worshipper of Warmaster Okawaru
  7956 | Temple   | 7956 ||| PLANNING LAIR
  8026 | Lair:1   | Entered Level 1 of the Lair of Beasts
  8030 | Lair:1   | 8030 ||| STAIRDANCE
  8036 | D:9      | Reached XP level 11. HP: 54/71 MP: 12/12
  8094 | Lair:1   | 8094 ||| STAIRDANCE
  8220 | Lair:1   | HP: 18/72 [fire elemental[the fiery vengeance of Ignis]
                  | (5)]
  8221 | Lair:1   | 8221 ||| DRINKING 7 potions of heal wounds.
  8224 | Lair:1   | 8224 ||| DRINKING 6 potions of heal wounds.
  8227 | Lair:1   | HP: 16/72 [fire elemental[the fiery vengeance of Ignis]
                  | (4)]
  8228 | Lair:1   | 8228 ||| DRINKING 5 potions of heal wounds.
  8231 | Lair:1   | 8231 ||| DRINKING 4 potions of heal wounds.
  8235 | Lair:1   | HP: 15/72 [fire elemental[the fiery vengeance of Ignis]
                  | (6)]
  8236 | Lair:1   | 8236 ||| DRINKING 3 potions of heal wounds.
  8257 | Lair:1   | HP: 13/72 [fire elemental[the fiery vengeance of Ignis]
                  | (7)]
  8258 | Lair:1   | 8258 ||| DRINKING 2 potions of heal wounds.
  8260 | Lair:1   | 8260 ||| DRINKING potion of heal wounds.
  8262 | Lair:1   | HP: 11/72 [fire elemental[the fiery vengeance of Ignis]
                  | (7)]
  8262 | Lair:1   | Slain by a fire elemental

Levels and vault maps discovered:
D:1:      roderic_crossed_star, layout_basic
D:2:      layout_loops_ring, basic_altar, kennysheep_small_spiral, uniq_sigmund
D:3:      kennysheep_the_goblin_king, layout_rooms, grunt_qazlal_clouds,
          chequers_temple_overflow_statue_of_worship, serial_shops,
          nicolae_shop_statue_plus, shapermc_ecumenical_altar_flowoftime
D:4:      layout_layer_cave, mainiacjoe_overflow_chevrons,
          minmay_misc_feat_hallway, hangedman_minor_gate_pass, uniq_ijyb
D:5:      layout_basic, kennysheep_mini, uniq_blork_the_orc
D:6:      layout_cave_pools, nicolae_ru_sacrificial_ziggurat
D:7:      layout_basic, minmay_temple_entry_purple_smoke, serial_shops, shop,
          guppyfry_early_elven_hall
D:8:      layout_cave_pools, nzn_ghost_randoct, kennysheep_minor_cross,
          minivault_27
D:9:      layout_long_grid, due_lair_maze_entry_diamond, orc_david_3,
          biasface_ghost_orc_armoury, enter_bailey_2, small_statue_intersection,
          minmay_between
Temple:   nicolae_temple_bog_church
Lair:1:   layout_chaotic_city, enter_volcano_1, chequers_serial_rivers_large_a

Skill      XL: |  1  2  3  4  5  6  7  8  9 10 |
---------------+-------------------------------+-----
Axes           | 3 4 5 7 9 10 12 | 12.0
Fighting       | 5 6 8 9 |  9.9
Armour         | 2 3 4 5 7 |  7.2
Dodging        | 1 |  1.4
Spellcasting   | |  1.0
Fire Magic     | |  3.0

Action                     |  1- 3 |  4- 6 |  7- 9 | 10-12 || total
---------------------------+-------+-------+-------+-------++-------
  Melee: Hand axe          |    75 |    43 |       |       ||   118
         War axe           |       |    95 |   206 |   164 ||   465
         Punch             |       |       |     3 |     2 ||     5
 Invoke: Fiery Armour      |     2 |     3 |     5 |     3 ||    13
    Use: Scroll            |     4 |     9 |    12 |     3 ||    28
         Potion            |       |     3 |     2 |     7 ||    12
 Armour: Robe              |    29 |    34 |       |       ||    63
         Scale mail        |       |    18 |    36 |       ||    54
         Chain mail        |       |       |   128 |   142 ||   270
  Dodge: Dodged            |    38 |    63 |    85 |    71 ||   257

Table legend:
 A = Non-vault XP
 B = Vault XP
 C = Vault XP percentage of total XP
 D = Non-vault monster count
 E = Vault monster count
 F = Vault count percentage of total count
                 A         B        C        D         E       F
            +---------+---------+-------+---------+---------+-------
      Total |    7965 |    2442 |  23.5 |     172 |      33 |  16.1
            +---------+---------+-------+---------+---------+-------
        D:1 |      45 |       0 |   0.0 |      24 |       0 |   0.0
        D:2 |     126 |     226 |  64.2 |      23 |       1 |   4.2
        D:3 |     138 |      11 |   7.4 |      21 |       7 |  25.0
        D:4 |      49 |     105 |  68.2 |       6 |       7 |  53.8
        D:5 |     325 |      94 |  22.4 |      13 |       1 |   7.1
        D:6 |     936 |       0 |   0.0 |      16 |       0 |   0.0
        D:7 |    1298 |     615 |  32.1 |      23 |       1 |   4.2
        D:8 |    1811 |       0 |   0.0 |      22 |       0 |   0.0
        D:9 |    2746 |    1391 |  33.6 |      21 |      16 |  43.2
     Lair:1 |     491 |       0 |   0.0 |       3 |       0 |   0.0
            +---------+---------+-------+---------+---------+-------
